 Dungeon Crawl Stone Soup version 0.30-a0-715-gdb4ae3ece1 (webtiles) character file.

Game seed: 3537549482001708430

73569 mopl the Marksdraconian (level 15, -8/118 HPs)
             Began as a Red Draconian Enchanter on Jan 24, 2023.
             Was the Champion of Dithmenos.
             Mangled by a meliai
             ... wielding a +3 hand axe
              (11 damage)
             ... on level 13 of the Dungeon.
             The game lasted 00:46:41 (23220 turns).

mopl the Marksdraconian (Red Draconian Enchanter)  Turns: 23220, Time: 00:46:42

Health: -8/118     AC:  0    Str: 13    XL:     15   Next: 4%
Magic:  0/22       EV: 11    Int: 19    God:    Dithmenos [******]
Gold:   1618       SH:  0    Dex: 15    Spells: 13/24 levels left

rFire   . . .      SeeInvis .    (weapon currently unavailable)
rCold   . . .      Faith    .    (shield currently unavailable)
rNeg    . . .      Spirit   +    (body armour unavailable)
rPois   .          Reflect  .    (helmet currently unavailable)
rElec   .          Harm     .    (cloak currently unavailable)
rCorr   .          Rampage  .    (gloves currently unavailable)
Will    +....                    (boots currently unavailable)
Stlth   +++++++++                S - amulet of Gasifiul {Spirit Str+2 Slay+2}
HPRegen 0.39/turn                (ring currently unavailable)
MPRegen 0.18/turn                (ring currently unavailable)

@: lethally poisoned (-8 -> -24), pig-form, grasped by roots, slowed, wreathed
by umbra, constricted
A: fast, no casting, (breathe fire), AC +9, small, unfitting armour, (fire
resistance 1), (cold-blooded)
a: Renounce Religion, Shadow Step, Shadow Form


You were on level 13 of the Dungeon.
You worshipped Dithmenos.
Dithmenos was exalted by your worship.
You were a filthy swine.
You visited 4 branches of the dungeon, and saw 21 of its levels.
You also visited: Sewer and Gauntlet.

You collected 1674 gold pieces.
You spent 56 gold pieces at shops.

Inventory:

Hand Weapons
 a - a +2 dagger of venom
 b - the +27 heavy crossbow "Sniper" (melded) {heavy, Acc+∞ SInv}
   (You took it off a minotaur in a Gauntlet)

   Acc+∞: It never misses its target.
   SInv:      It lets you see invisible.
 V - a +0 short sword of electrocution
Missiles
 d - 9 curare-tipped darts
 l - a boomerang of dispersal
 q - 5 boomerangs
 z - 67 poisoned darts
Armour
 p - a +0 pair of gloves (melded)
 E - a +0 pair of boots (melded)
Jewellery
 r - a +4 ring of slaying
 D - a ring of see invisible
 K - a +4 ring of protection (melded)
 P - a +6 ring of dexterity (melded)
 S - the amulet of Gasifiul (around neck) {Spirit Str+2 Slay+2}
   (You found it in a Gauntlet)

   [amulet of guardian spirit]

   It causes incoming damage to be divided between your reserves of health and
   magic.
   Str:       It affects your strength (+2).
   Slay:      It affects your accuracy & damage with ranged weapons and melee
   (+2).
Wands
 t - a wand of polymorph (18)
 w - a wand of charming (37)
 B - a wand of flame (34)
 L - a wand of acid (19)
 N - a wand of digging (4)
Scrolls
 e - 4 scrolls of immolation
 f - 4 scrolls of fear
 g - 5 scrolls of fog {unknown}
 k - 2 scrolls of noise {unknown}
 m - 6 scrolls of enchant armour {unknown}
 n - 3 scrolls of acquirement {unknown}
 s - 3 scrolls of vulnerability {unknown}
 u - 3 scrolls of magic mapping
 v - 2 scrolls of poison
 I - a scroll of teleportation
 O - a scroll of butterflies
Potions
 c - 3 potions of might
 h - 2 potions of berserk rage {!q}
 i - 10 potions of curing
 j - 5 potions of invisibility
 o - 5 potions of flight
 x - 2 potions of ambrosia
 F - 3 potions of cancellation
 H - 2 potions of haste
 J - 2 potions of lignification {!q}
 Q - 2 potions of magic


   Skills:
 + Level 7.3 Fighting
 - Level 7.4 Short Blades
 * Level 15.9 Ranged Weapons
 - Level 4.1 Throwing
 - Level 1.7 Dodging
 - Level 11.0 Stealth
 - Level 4.5 Shields
 - Level 5.0 Spellcasting
 - Level 3.0 Conjurations
 - Level 10.2 Hexes
 - Level 3.0 Ice Magic
 - Level 4.8 Evocations


You had 13 spell levels left.
You knew the following spells:

 Your Spells              Type           Power      Damage    Failure   Level
b - Ensorcelled Hibernat  Hex/Ice        58%        N/A       1%          2
c - Confusing Touch       Hex            43%        N/A       1%          3
d - Tukima's Dance        Hex            43%        N/A       1%          3
f - Dazzling Flash        Conj/Hex       58%        N/A       2%          3

Your spell library contained the following spells:

 Spells                   Type           Power      Damage    Failure   Level
 Searing Ray              Conj           32%        2d5       5%          2
 Ozocubu's Armour         Ice            16%        N/A       11%         3
 Apportation              Tloc           8%         N/A       12%         1
 Beastly Appendage        Tmut           8%         N/A       12%         1
 Poisonous Vapours        Pois/Air       8%         N/A       19%         2
 Wereblood                Tmut           4%         N/A       19%         2
 Metabolic Englaciation   Hex/Ice        14%        N/A       22%         5
 Spider Form              Tmut/Pois      4%         N/A       36%         3
 Summon Mana Viper        Hex/Summ       24%        N/A       38%         5
 Alistair's Intoxication  Tmut/Pois      2%         N/A       98%         5
 Summon Forest            Summ/Tloc      2%         N/A       98%         5
 Simulacrum               Ice/Necr       5%         N/A       100%        6
 Summon Cactus Giant      Summ           2%         N/A       100%        6


Dungeon Overview and Level Annotations

Branches:
Dungeon (13/15)            Temple (1/1) D:6            Lair (5/5) D:10
 Shoals (0/4) Lair:3       Spider (0/4) Lair:2        Slime (0/5) Lair:5
    Orc (2/2) D:11            Elf (0/3) Orc:2         Sewer (visited)
Gauntlet (visited)
 Vaults: D:13-14

Altars:
Ashenzari
Cheibriados
Dithmenos
Elyvilon
Fedhas
Hepliaklqana
Nemelex Xobeh
Okawaru
Ru
Vehumet
Wu Jian
Xom
Zin
The Shining One
Jiyva

Shops:
D:6 =   D:7 *   D:10 [   Orc:2 [**:

Annotations:
D:10 2 exclusions
D:13 Kirke
Lair:2 1 runed translucent door, Qeegir's ghost, journeyman HOFi


Innate Abilities, Weirdness & Mutations

You are a filthy swine.
You move quickly.
Your equipment is almost entirely melded.
You are incapable of wielding weapons or throwing items.
You cannot cast spells.
((You can breathe blasts of fire.))
((Your fiery red scales are hard. (AC +9)))
You cannot fit into any form of body armour.
((Your flesh is heat resistant. (rF+)))
((You are cold-blooded and may be slowed by cold attacks.))


Message History

You escape the roots grasp.
As you read the scroll of blinking, it crumbles to dust.
Found a stone staircase leading up.
The meliai zaps a wand.
The roots erupt in riotous growth!
The grasping roots grab you! The grasping roots constrict you. x2
* * * LOW HITPOINT WARNING * * *
You hear an angry squeal.
You hear an angry buzzing noise. x2
You escape the roots grasp.
The meliai attacks as you move away! The meliai misses you.
The meliai stings you!
* * * LOW HITPOINT WARNING * * *
The meliai hits you with a +3 hand axe!
* * * LOW HITPOINT WARNING * * *
The meliai barely misses you.
You feel much better. The meliai closely misses you.
The meliai barely misses you.
The meliai zaps a wand.
The roots erupt in riotous growth!
The grasping roots grab you!
The meliai is unaffected.
The grasping roots constrict you.
The meliai calls down the wrath of its god upon you.
Something smites you!
* * * LOW HITPOINT WARNING * * *
The grasping roots constrict you.
* * * LOW HITPOINT WARNING * * *
Unknown command.
The roots grasp on you weakens, but your attempt to escape fails.
The meliai hits you with a +3 hand axe.
* * * LOW HITPOINT WARNING * * *
The meliai stings you!
* * * LOW HITPOINT WARNING * * *
You are poisoned.
The meliai poisons you! The grasping roots constrict you.
* * * LOW HITPOINT WARNING * * *
The meliai calls down the wrath of its god upon you.
Something smites you!
* * * LOW HITPOINT WARNING * * *
The grasping roots constrict you.
* * * LOW HITPOINT WARNING * * *
The meliai hits you with a +3 hand axe!
You die...

.< ##.......§....
..#.#.....#...^.#
...........@...#
.....#...#.h(#.#
.....##.##...#.#
..<...###...##.#
..#..>.W...#
#.>.#.y....##.
##.##h.........
#.##.#.##....#
#.##.### .##.#
#######.##.####.##.#
..<.......[....... .
#######.##########
#..<.......
###########


You could see Kirke, a hog, a wraith and a meliai.

Vanquished Creatures
  A minotaur (Gauntlet)
  A fire dragon (Lair:5)
  4 hydras
  2 catoblepae
  2 boulder beetles
  2 two-headed ogres
  2 orc high priests (Orc:2)
  14 death yaks
  A spriggan (Lair:1)
  Sonja (Lair:1)
  A fire crab (Lair:5)
  Pikel (D:9)
  The ghost of Twixt the Trooper, a novice DjCA of Ignis (D:5)
  4 orc sorcerers
  A deep elf pyromancer (D:13)
  A manticore (D:12)
  2 ugly things
  9 elephants
  A cyclops (D:13)
  3 molten gargoyles (Lair:5)
  An eye of devastation (Lair:5)
  An ice statue (Gauntlet)
  7 black mambas
  A smoke demon (Gauntlet)
  Joseph (D:10)
  13 cane toads
  A gargoyle (D:11)
  An unseen horror (D:12)
  2 kobold demonologists
  19 komodo dragons
  11 rime drakes
  3 polar bears
  5 trolls
  2 hornets
  Grinder (D:4)
  Prince Ribbit (D:9)
  11 blink frogs
  10 dream sheep
  A snapping turtle (Lair:3)
  A vampire (D:12)
  A shadow (D:10)
  3 slime creatures (D:12)
  2 wraiths
  3 wyverns
  34 yaks
  A hog (D:13)
  5 basilisks
  5 vampire mosquitoes
  2 steam dragons
  7 wargs
  12 water moccasins
  2 acid dragons
  4 hell hounds (Lair:5)
  A floating eye (Lair:5)
  2 swamp drakes (Lair:4)
  3 black bears
  25 orc warriors
  3 sky beasts
  5 ice beasts
  4 ogres
  45 wolves
  5 centaurs
  A lemure (D:9)
  2 phantoms
  10 kobold brigands
  8 bullfrogs
  2 gnoll sergeants (D:7)
  10 scorpions
  13 wights
  6 electric eels
  A howler monkey (D:7)
  3 crimson imps (Gauntlet)
  4 lava snakes (Lair:5)
  2 jellies
  5 hounds
  25 orc priests
  Terence (D:3)
  6 iguanas
  36 orc wizards
  6 hell rats (Lair:1)
  13 gnolls
  14 adders
  A river rat (D:6)
  2 white imps (D:5)
  An ufetubus (D:5)
  2 worms
  3 dart slugs
  82 orcs
  9 ball pythons
  7 bats
  9 endoplasms
  9 giant cockroaches
  8 goblins
  3 hobgoblins (D:1)
  6 jackals
  36 kobolds
  7 quokkas
  4 frilled lizards
  9 rats
687 creatures vanquished.

Vanquished Creatures (collateral kills)
  9 wights
  3 orcs
12 creatures vanquished.

Vanquished Creatures (others)
  5 dancing weapons
  An orc wizard (Orc:2)
  An orc (Orc:2)
  14 demonic plants (Gauntlet)
  53 fungi
  35 plants
109 creatures vanquished.

Grand Total: 808 creatures vanquished

Notes
Turn   | Place    | Note
-------+----------+-------------------------------------------
     0 | D:1      | mopl the Draconian Enchanter began the quest for the Orb.
     0 | D:1      | Reached XP level 1. HP: 14/14 MP: 3/3
   176 | D:1      | Reached XP level 2. HP: 20/20 MP: 5/5
   179 | D:1      | Learned a level 2 spell: Ensorcelled Hibernation
   182 | D:1      | Found a faded altar of an unknown god.
   294 | D:1      | Reached skill level 3 in Hexes
   335 | D:1      | Reached skill level 3 in Stealth
   929 | D:1      | Reached XP level 3. HP: 16/26 MP: 6/6
   987 | D:1      | Learned a level 3 spell: Confusing Touch
  1113 | D:2      | Reached skill level 1 in Ice Magic
  1113 | D:2      | Reached XP level 4. HP: 20/33 MP: 7/7
  1745 | D:3      | Reached XP level 5. HP: 38/38 MP: 8/8
  1774 | D:3      | Reached skill level 2 in Short Blades
  1973 | D:3      | Reached skill level 4 in Stealth
  2013 | D:3      | Noticed Terence
  2037 | D:3      | Killed Terence
  2038 | D:3      | Reached skill level 4 in Hexes
  2323 | D:3      | Noticed a black bear
  2333 | D:3      | Killed a black bear
  2334 | D:3      | Reached XP level 6. HP: 42/45 MP: 5/10
  2353 | D:3      | Learned a level 3 spell: Tukima's Dance
  2500 | D:4      | Noticed Grinder
  2511 | D:4      | Reached skill level 2 in Ice Magic
  2631 | D:4      | Killed Grinder
  2632 | D:4      | Reached skill level 3 in Spellcasting
  2632 | D:4      | Your scales start taking on a fiery red colour.
  2632 | D:4      | Reduced skill Ice Magic to level 1
  2632 | D:4      | Reached XP level 7. HP: 49/50 MP: 7/11
  2632 | D:4      | Gained mutation: Your flesh is heat resistant. (rF+) [Red
                  | Draconian growth]
  2834 | D:4      | Identified the +9 mace "Hell-Harrower" {speed, Str+2}
  2843 | D:4      | Reached skill level 2 in Ice Magic
  3074 | D:5      | Entered Level 5 of the Dungeon
  3095 | D:5      | Reached skill level 3 in Short Blades
  3095 | D:5      | Reached skill level 5 in Stealth
  3402 | D:5      | Reached skill level 5 in Hexes
  3650 | D:5      | Found a large runed translucent door.
  3651 | D:5      | Found a large runed translucent door.
  3652 | D:5      | Noticed Twixt's ghost (novice DjCA)
  4312 | D:6      | Reached XP level 8. HP: 43/57 MP: 8/13
  4320 | D:6      | Learned a level 3 spell: Dazzling Flash
  4402 | D:6      | Found a staircase to the Ecumenical Temple.
  4422 | Temple   | Entered the Ecumenical Temple
  4443 | Temple   | Became a worshipper of Dithmenos the Shadowed
  4516 | D:6      | Reached skill level 6 in Stealth
  4611 | D:6      | Reached skill level 1 in Conjurations
  4641 | D:6      | Found Jays's Jewellery Shop.
  4652 | D:6      | Reached skill level 4 in Spellcasting
  4657 | D:6      | Found a glowing drain.
  4683 | Sewer    | Entered a sewer
  4828 | Sewer    | Reached * piety under Dithmenos
  4829 | Sewer    | Reached skill level 3 in Ice Magic
  4970 | Sewer    | Reached skill level 6 in Hexes
  5073 | D:6      | Found a blossoming altar of Fedhas.
  5094 | D:6      | Reached skill level 4 in Short Blades
  5415 | D:6      | Found a glowing golden altar of the Shining One.
  5812 | D:7      | Got Spellwork, and How To Use It
  5867 | D:7      | Reached skill level 2 in Conjurations
  5881 | D:7      | Reached XP level 9. HP: 20/62 MP: 2/15
  5886 | D:7      | HP: 3/61 [wight/+0 mace (11)]
  6108 | D:7      | Reached skill level 7 in Stealth
  6387 | D:7      | Found a broken altar of Ashenzari.
  6406 | D:7      | Found Ratrun's Serpentskin Sales.
  6421 | D:7      | Bought a scroll of poison for 56 gold pieces
  6806 | D:7      | Identified the +3 falchion of Rocigev {antimagic, Will++
                  | rCorr Int-4 Dex+2}
  6811 | D:7      | Reached skill level 3 in Conjurations
  6917 | D:8      | Reached skill level 7 in Hexes
  7430 | D:8      | Reached ** piety under Dithmenos
  7431 | D:8      | Reached skill level 5 in Short Blades
  7508 | D:8      | Noticed a kobold demonologist
  7544 | D:8      | Reached skill level 5 in Spellcasting
  7630 | D:8      | Killed a kobold demonologist
  7631 | D:8      | Reached skill level 8 in Stealth
  7942 | D:8      | Reached XP level 10. HP: 68/69 MP: 7/17
  8205 | D:8      | Found a sparkling altar of Nemelex Xobeh.
  8299 | D:8      | Reached skill level 8 in Hexes
  8573 | D:8      | Reached skill level 1 in Shields
  8573 | D:8      | Reached skill level 1 in Evocations
  8579 | D:8      | Reached skill level 1 in Throwing
  8607 | D:8      | Reached *** piety under Dithmenos
  9084 | D:8      | Reached skill level 9 in Stealth
  9596 | D:9      | Noticed Prince Ribbit
  9621 | D:8      | Reached skill level 6 in Short Blades
  9678 | D:9      | Reached skill level 2 in Shields
  9678 | D:9      | Reached skill level 2 in Evocations
  9690 | D:9      | Reached skill level 2 in Throwing
  9709 | D:9      | Killed Prince Ribbit
  9837 | D:9      | Noticed Pikel
  9854 | D:9      | Killed Pikel
 10067 | D:9      | Noticed a two-headed ogre
 10347 | D:9      | Killed a two-headed ogre
 10348 | D:9      | Reached skill level 9 in Hexes
 10348 | D:9      | Reached skill level 3 in Evocations
 10348 | D:9      | Reached XP level 11. HP: 63/74 MP: 4/18
 10661 | D:10     | Entered Level 10 of the Dungeon
 10672 | D:10     | Noticed a wolf spider
 10672 | D:10     | Noticed a centaur warrior
 10673 | D:10     | Noticed a seven-headed hydra
 10673 | D:10     | Noticed a centaur warrior
 10858 | D:10     | Reached skill level 3 in Shields
 11295 | D:10     | Reached skill level 3 in Throwing
 11382 | D:10     | Found a staircase to the Lair.
 11402 | D:10     | Noticed a two-headed ogre
 11436 | D:10     | Killed a two-headed ogre
 11437 | D:10     | Reached skill level 10 in Stealth
 11512 | D:10     | Reached **** piety under Dithmenos
 11542 | D:10     | Found Tuvuh's Armour Boutique.
 11547 | D:10     | Noticed Joseph
 11558 | D:10     | Killed Joseph
 11687 | D:10     | Found a radiant altar of Vehumet.
 11741 | D:10     | Found a white marble altar of Elyvilon.
 11755 | D:10     | Found an iron altar of Okawaru.
 11758 | D:10     | Found a sacrificial altar of Ru.
 11761 | D:10     | Found a snail-covered altar of Cheibriados.
 12353 | D:11     | Found a gate leading to a gauntlet.
 12362 | Gauntlet | Entered a Gauntlet
 12362 | Gauntlet | Found a transporter.
 12370 | Gauntlet | Noticed an oklob plant
 12371 | Gauntlet | Found a transporter.
 12386 | Gauntlet | Found a transporter.
 12392 | Gauntlet | Found a transporter.
 12404 | Gauntlet | Noticed a death yak
 12404 | Gauntlet | Noticed a death yak
 12405 | Gauntlet | Noticed a death yak
 12407 | Gauntlet | Found a transporter.
 12423 | Gauntlet | Noticed a death yak
 12424 | Gauntlet | Noticed a death yak
 12425 | Gauntlet | Noticed a death yak
 12426 | Gauntlet | Found a transporter.
 12428 | Gauntlet | Noticed a necromancer
 12438 | Gauntlet | Found a transporter.
 12438 | Gauntlet | Noticed a hell hog
 12446 | Gauntlet | Found a large runed translucent door.
 12447 | Gauntlet | Found a large runed translucent door.
 12448 | Gauntlet | Found a large runed translucent door.
 12448 | Gauntlet | Found a large runed translucent door.
 12449 | Gauntlet | Found a runed translucent gate.
 12450 | Gauntlet | Found a transporter.
 12450 | Gauntlet | Found a runed translucent gate.
 12451 | Gauntlet | Found a runed translucent gate.
 12452 | Gauntlet | Found a large runed translucent door.
 12452 | Gauntlet | Found a large runed translucent door.
 12453 | Gauntlet | Found a large runed translucent door.
 12454 | Gauntlet | Found a large runed translucent door.
 12462 | Gauntlet | Found a transporter.
 12462 | Gauntlet | Noticed a death drake
 12474 | Gauntlet | Found a transporter.
 12480 | Gauntlet | Noticed a dire elephant
 12491 | Gauntlet | Found a transporter.
 12510 | Gauntlet | Found a transporter.
 12512 | Gauntlet | Found a transporter.
 12538 | Gauntlet | Found a transporter.
 12540 | Gauntlet | Found a transporter.
 12542 | Gauntlet | Found a transporter.
 12567 | Gauntlet | Reached skill level 7 in Short Blades
 12567 | Gauntlet | Reached skill level 4 in Evocations
 12604 | Gauntlet | Found a transporter.
 12604 | Gauntlet | Found a transporter.
 12658 | Gauntlet | HP: 2/74 [ice beast[an ice statue] (8)]
 12954 | Gauntlet | Found a large runed translucent door.
 12954 | Gauntlet | Found a large runed translucent door.
 12999 | Gauntlet | Found a large runed translucent door.
 12999 | Gauntlet | Found a large runed translucent door.
 13026 | Gauntlet | Reached skill level 4 in Shields
 13090 | Gauntlet | Found a large runed translucent door.
 13090 | Gauntlet | Found a large runed translucent door.
 13090 | Gauntlet | Found a runed translucent door.
 13090 | Gauntlet | Found a runed translucent door.
 13097 | Gauntlet | Found a large runed translucent door.
 13098 | Gauntlet | Found a large runed translucent door.
 13221 | Gauntlet | Identified the amulet of Gasifiul {Spirit Str+2 Slay+2}
 13309 | Gauntlet | Noticed a minotaur
 13322 | Gauntlet | Killed a minotaur
 13323 | Gauntlet | Reached skill level 10 in Hexes
 13491 | D:11     | Reached skill level 4 in Throwing
 13493 | D:11     | Found a staircase to the Orcish Mines.
 13543 | D:11     | Reached XP level 12. HP: 81/81 MP: 19/19
 13626 | D:11     | Noticed a boulder beetle
 13651 | D:11     | Killed a boulder beetle
 13693 | D:11     | Reached skill level 11 in Stealth
 13986 | Lair:1   | Entered Level 1 of the Lair of Beasts
 13986 | Lair:1   | Noticed a boulder beetle
 13992 | D:10     | Reached skill level 1 in Ranged Weapons
 14143 | Lair:1   | Killed a boulder beetle
 14144 | Lair:1   | Reached skill level 2 in Ranged Weapons
 14240 | Lair:1   | Reached skill level 3 in Ranged Weapons
 14389 | Lair:1   | Reached skill level 4 in Ranged Weapons
 14609 | Lair:1   | Noticed Sonja
 14618 | Lair:1   | Killed Sonja
 14680 | Lair:1   | Reached skill level 5 in Ranged Weapons
 14707 | Lair:1   | Reached ***** piety under Dithmenos
 14990 | Lair:1   | Reached skill level 6 in Ranged Weapons
 15219 | Lair:1   | Reached skill level 7 in Ranged Weapons
 15831 | Lair:2   | Found a runed translucent door.
 15831 | Lair:2   | Noticed a five-headed hydra
 15835 | Lair:2   | Noticed Qeegir's ghost (journeyman HOFi)
 15861 | Lair:2   | Reached skill level 8 in Ranged Weapons
 16044 | Lair:2   | Noticed a catoblepas
 16062 | Lair:2   | Reached skill level 9 in Ranged Weapons
 16127 | Lair:2   | Found a hole to the Spider Nest.
 16140 | Lair:2   | Noticed a death yak
 16142 | Lair:2   | Noticed a death yak
 16142 | Lair:2   | Noticed a death yak
 16142 | Lair:2   | Noticed a death yak
 16147 | Lair:1   | Killed a death yak
 16148 | Lair:1   | Reached XP level 13. HP: 86/86 MP: 20/20
 16650 | Lair:2   | Reached skill level 10 in Ranged Weapons
 17195 | Lair:3   | Reached skill level 11 in Ranged Weapons
 17430 | Lair:3   | Found a staircase to the Shoals.
 18176 | Lair:4   | Reached skill level 12 in Ranged Weapons
 18229 | Lair:4   | Identified the +10 long sword of Blood {freeze, Fragile rF+
                  | Dex+2}
 18511 | Lair:5   | Entered Level 5 of the Lair of Beasts
 18514 | Lair:5   | Reached ****** piety under Dithmenos
 18701 | Lair:5   | Reached skill level 13 in Ranged Weapons
 18826 | Lair:4   | HP: 3/86 [dream sheep (12)]
 19213 | Lair:5   | Reached XP level 14. HP: 93/93 MP: 21/21
 19236 | Lair:5   | Reached skill level 1 in Fighting
 19241 | Lair:5   | Found a viscous altar of Jiyva.
 19257 | Lair:5   | Found a staircase to the Slime Pits.
 19259 | Lair:5   | Reached skill level 2 in Fighting
 19500 | Lair:5   | Reached skill level 3 in Fighting
 19503 | Lair:5   | Reached skill level 14 in Ranged Weapons
 19587 | Lair:5   | Reached skill level 4 in Fighting
 19967 | Lair:5   | Reached skill level 5 in Fighting
 20057 | Lair:5   | Reached skill level 15 in Ranged Weapons
 20074 | Lair:5   | Found a large runed translucent door.
 20075 | Lair:5   | Found a large runed translucent door.
 20822 | D:5      | Killed Twixt's ghost
 20984 | Orc:1    | Entered Level 1 of the Orcish Mines
 21004 | Orc:1    | Reached skill level 6 in Fighting
 21360 | Orc:2    | Entered Level 2 of the Orcish Mines
 22019 | Orc:2    | Found a staircase to the Elven Halls.
 22443 | Orc:2    | Found Eki Qucw's General Store.
 22443 | Orc:2    | Found Wueppuag's Book Shoppe.
 22444 | Orc:2    | Found Raun's General Store.
 22448 | Orc:2    | Found Nazoa's Armour Emporium.
 22467 | Orc:2    | Reached skill level 7 in Fighting
 22802 | D:12     | Reached XP level 15. HP: 118/118 MP: 22/22
 23192 | D:13     | Noticed Kirke
 23220 | D:13     | HP: 3/118 [constriction (4)]
 23220 | D:13     | Mangled by a meliai

Illustrated notes

Levels and vault maps discovered:
D:1:      minmay_arrival_hallway, layout_basic,
          hellmonk_ecumenical_altar_arch_garden
D:2:      layout_basic
D:3:      layout_rooms, uniq_terence
D:4:      cheibrodos_helix_gallery, layout_basic, uniq_grinder
D:5:      layout_cave_pods, ebering_ghost_disaster_area
D:6:      layout_basic, fedhas_altar_3, kennysheep_little_box,
          minmay_temple_entry_statues_fountains, serial_shops, kennysheep_mini,
          portal_sewer_entry_b, grunt_ministairs_6
D:7:      layout_loops_ring, ashenzari_conservatory_becter,
          supply_closet_lemuel, grunt_decor_junction, guppyfry_shop_venom
D:8:      hellmonk_ruined_rings, layout_layer_cave, nemelex_spade_bored_becter,
          special_room [special_room_kobold]
D:9:      layout_cave_pools, serial_rivers, chequers_serial_rivers_micro_a,
          chequers_serial_rivers_small_a, chequers_serial_rivers_micro_b,
          chequers_serial_rivers_room_a, uniq_prince_ribbit1, uniq_pikel
D:10:     minmay_bloctagon_deflated, layout_long_grid,
          grunt_temple_overflow_cloverleaf, fiery_altar_vehumet,
          hellmonk_lair_entry_icy, serial_shops, nicolae_shop_advertising_works
          [nicolae_subvault_shop_adworks], uniq_joseph
D:11:     layout_irregular_city, erik_orc_2, gauntlet_entry_generic
D:12:     layout_cave_pools, hangedman_decor_points
D:13:     layout_loops_ring, david_vaults_4, serial_shops, shop, uniq_kirke
Temple:   nicolae_temple_god_jail
Lair:1:   layout_layer_cave, grunt_forest_large_clearings, serial_bayou_shore_a,
          uniq_sonja
Lair:2:   layout_regular_city, nicolae_spider_entry_non_spiders,
          ebering_ghost_inner_flame, lemuel_fruit_tree
Lair:3:   layout_roguey, minmay_shoals_entry_hut, nicolae_lair_lil_pond,
          serial_bayou_pond_a
Lair:4:   layout_regular_city, pond, grunt_megastairs_5
Lair:5:   cheibrodos_lair_end_hotspot, layout_regular_city,
          minmay_slime_entry_eyes
Orc:1:    layout_caves
Orc:2:    st_orc_mages, layout_diamond_mine, nicolae_orc_damp_corner,
          nooodl_orcs_dogs

Skill      XL: |  1  2  3  4  5  6  7  8  9 10 11 12 13 14 |
---------------+-------------------------------------------+-----
Hexes          | 3 4 5 6 7 9 10 | 10.2
Stealth        | 3 4 5 6 8 9 10 11 | 11.0
Ice Magic      | 1 1 2 3 |  3.0
Short Blades   | 2 3 4 5 6 7 |  7.4
Spellcasting   | 3 4 5 |  5.0
Conjurations   | 2 3 |  3.0
Shields        | 2 4 |  4.5
Evocations     | 3 4 |  4.8
Throwing       | 2 4 |  4.1
Ranged Weapons | 9 13 15 | 15.9
Fighting       | 7 |  7.3
Dodging        | |  1.7

Action                     |  1- 3 |  4- 6 |  7- 9 | 10-12 | 13-15 || total
---------------------------+-------+-------+-------+-------+-------++-------
  Melee: Dagger            |    66 |     6 |   437 |   390 |     3 ||   902
         Tailslap          |     7 |    18 |    51 |    79 |       ||   155
         Short sword       |    19 |   138 |    36 |    71 |       ||   264
         Punch             |       |       |    10 |     4 |       ||    14
         Unarmed           |       |       |       |       |     1 ||     1
   Fire: Heavy crossbow    |       |       |       |   121 |   386 ||   507
  Throw: Dart              |       |       |       |     6 |       ||     6
   Cast: Ensorcelled Hiber |     3 |    12 |    35 |    66 |       ||   116
         Confusing Touch   |       |     1 |     4 |    17 |       ||    22
         Tukima's Dance    |       |       |    13 |    33 |     2 ||    48
         Dazzling Flash    |       |       |     4 |     4 |     5 ||    13
Ability: Breathe Fire      |       |       |     6 |     8 |       ||    14
  Evoke: Wand              |       |       |       |     9 |       ||     9
    Use: Scroll            |       |       |    11 |     7 |     6 ||    24
         Potion            |       |       |     3 |     2 |     1 ||     6
   Stab: Sleeping          |     8 |    17 |    43 |    54 |     3 ||   125
         Invisible         |       |       |     3 |     2 |       ||     5
         Confused          |       |       |     4 |    20 |       ||    24
         Distracted        |       |       |       |     1 |       ||     1
 Armour: Skin              |    37 |    52 |   177 |   168 |   153 ||   587
  Dodge: Dodged            |    48 |    88 |   302 |   403 |   229 ||  1070
  Block: Kite shield       |       |       |       |    17 |       ||    17

Table legend: (Time is in decaauts)
 A = Elapsed time spent in this place.
 B = Non-inter-level travel time spent in this place.
 C = Inter-level travel time spent in this place.
 D = Time resting spent in this place.
 E = Time spent auto-exploring this place.
 F = Levels seen in this place.
 G = Mean time per level.
                   A        B        C        D        E       F      G
               +--------+--------+--------+--------+--------+-----+--------+
         Total |  24025 |  22823 |   1202 |   5468 |  11244 |  23 | 1044.6 |
       Dungeon |  13962 |  13168 |    794 |   3390 |   6622 |  13 | 1074.0 |
        Temple |     33 |     33 |      0 |      0 |      0 |   1 |   33.0 |
          Lair |   6917 |   6571 |    346 |   1268 |   3669 |   5 | 1383.4 |
  Orcish Mines |   1794 |   1732 |     62 |    312 |    838 |   2 |  897.0 |
         Sewer |    301 |    301 |      0 |     35 |    115 |   1 |  301.0 |
      Gauntlet |   1015 |   1015 |      0 |    462 |      0 |   1 | 1015.0 |
               +--------+--------+--------+--------+--------+-----+--------+

Top non-repeatable levels by time:
     D:8: 2523 daAuts
  Lair:5: 1836 daAuts
  Lair:1: 1831 daAuts
    D:10: 1828 daAuts
     D:7: 1503 daAuts
  Lair:4: 1371 daAuts
     D:5: 1251 daAuts
     D:6: 1214 daAuts
     D:9: 1154 daAuts
Gauntlet: 1015 daAuts
  Lair:2: 999 daAuts
   Orc:2: 994 daAuts
     D:1: 969 daAuts
    D:11: 943 daAuts
  Lair:3: 878 daAuts
